 Dungeon Crawl Stone Soup version 0.31.0-9-g3a7656b989 (webtiles) character file.

Game seed: 17968875222723382650

45 Eitelfritz the Slasher (level 3, 0/30 HPs)
             Began as a Minotaur Gladiator on Jan 26, 2024.
             Slain by an iguana (12 damage)
             ... on level 2 of the Dungeon.
             The game lasted 00:01:13 (1164 turns).

Eitelfritz the Slasher (Minotaur Gladiator)         Turns: 1164, Time: 00:01:13

Health: 0/30       AC:  4    Str: 18    XL:     3   Next: 42%
Magic:  2/2        EV: 12    Int:  7    God:
Gold:   156        SH:  0    Dex: 11    Spells: 2/2 levels left

rFire   . . .        a - +0 long sword
rCold   . . .        (no shield)
rNeg    . . .        b - +0 leather armour
rPois   .            c - +0 hat
rElec   .            (no cloak)
rCorr   .            i - +0 pair of gloves
SInv    .            (no boots)
Will    .....        (no amulet)
Stlth   +            (no ring)
HPRegen 0.25/turn    (no ring)
MPRegen 0.08/turn

%: no passive effects
@: no status effects
A: horns 2, retaliatory headbutt
a: no special abilities


You were on level 2 of the Dungeon.
You visited 1 branch of the dungeon, and saw 2 of its levels.

You collected 156 gold pieces.

Inventory:

Hand Weapons
 a - a +0 long sword (weapon)
Missiles
 d - 3 throwing nets (quivered)
 e - a javelin
Armour
 b - a +0 leather armour (worn)
 c - a +0 hat (worn)
 i - a +0 pair of gloves (worn)
 k - a +0 chain mail
Scrolls
 h - a scroll of amnesia {unknown}
 j - a scroll of teleportation {unknown}
Potions
 f - a potion of lignification {unknown}
 g - 2 potions of curing {unknown}


   Skills:
 + Level 2.8 Fighting
 + Level 4.3 Long Blades
 + Level 2.1 Throwing
 + Level 1.4 Armour
 + Level 3.8 Dodging


You had 2 spell levels left.
You didn't know any spells.
Your spell library was empty.

Dungeon Overview and Level Annotations

Branches:
Dungeon (2/15)

Altars:


Innate Abilities, Weirdness & Mutations

You have a pair of horns on your head.
You reflexively headbutt those who attack you in melee.


Message History

You kill the ball python!
You see here a ball python corpse.
You see here a +0 chain mail.
k - a +0 chain mail You open the door.
Found a dagger.
There is an open door here.
Found a stone staircase leading up.
An iguana comes into view.
The iguana hisses angrily.
An iguana is nearby!
Found 10 gold pieces.
Found 12 gold pieces.
The iguana barely misses you.
You hit the iguana but do no damage. Your headbutt misses the iguana.
The iguana bites you!
You closely miss the iguana. You headbutt the iguana.
The iguana is moderately wounded.
The iguana closely misses you.
You hit the iguana but do no damage.
The iguana is moderately wounded.
The iguana bites you but does no damage.
You hit the iguana but do no damage.
The iguana is moderately wounded.
The iguana bites you.
You closely miss the iguana.
The iguana is moderately wounded.
The iguana bites you but does no damage.
The iguana barely misses you. You furiously retaliate!
You headbutt the iguana, but do no damage.
You closely miss the iguana. Your headbutt misses the iguana.
You punch the iguana, but do no damage.
The iguana is lightly wounded.
The iguana bites you.
You closely miss the iguana. You headbutt the iguana.
The iguana is moderately wounded.
The iguana bites you.
You barely miss the iguana.
The iguana is lightly wounded.
The iguana bites you!
You die...

#..........#
#..........#
#........).+
#######..........#
#.......##########
#.......#
#...!...#
#.......#
+..@....#
#..l....#
#.......#
#.<.....#
#.......#
#.......#
#$......#
#....$..#


You could see an iguana.

Vanquished Creatures
  2 adders (D:2)
  5 ball pythons
  A bat (D:1)
  2 endoplasms (D:2)
  A giant cockroach (D:1)
  2 goblins
  6 hobgoblins
  A quokka (D:1)
  3 frilled lizards
  A rat (D:1)
24 creatures vanquished.

Notes
Turn   | Place    | Note
-------+----------+-------------------------------------------
     0 | D:1      | Eitelfritz the Minotaur Gladiator began the quest for the
                  | Orb.
     0 | D:1      | Reached XP level 1. HP: 18/18 MP: 0/0
   241 | D:1      | Reached skill level 4 in Long Blades
   241 | D:1      | Reached XP level 2. HP: 22/25 MP: 1/1
  1008 | D:2      | Reached skill level 1 in Armour
  1008 | D:2      | Reached XP level 3. HP: 30/30 MP: 2/2
  1164 | D:2      | Slain by an iguana

Illustrated notes

Levels and vault maps discovered:
D:1:      amcnicky_arrival_wind_blow, layout_basic, minmay_tetromino_o2
D:2:      layout_basic, serial_shops, shop

Skill      XL: |  1  2 |
---------------+-------+-----
Long Blades    | 4 |  4.3
Armour         | 1 |  1.4
Fighting       | |  2.8
Throwing       | |  2.1
Dodging        | |  3.8

Action                     || total
---------------------------++-------
  Melee: Long sword        ||    49
         Headbutt          ||     6
         Punch             ||     1
 Armour: Leather armour    ||    31
  Dodge: Dodged            ||    37
